 Dungeon Crawl Stone Soup version 0.25.0-11-g1f837a76a1 (webtiles) character file.

Game seed: 1223452451554197255

14887 protoss039 the Eclecticist (level 11, -3/54 HPs)
             Began as a Deep Elf Earth Elementalist on June 27, 2020.
             Was a Priest of Vehumet.
             Shot with an arrow by a centaur warrior (20 damage)
             ... on level 11 of the Dungeon.
             The game lasted 00:47:19 (15201 turns).

protoss039 the Eclecticist (DEEE)                  Turns: 15201, Time: 00:47:19

Health: -3/54      AC:  7    Str:  5    XL:     11   Next: 94%
Magic:  26/33      EV: 13    Int: 24    God:    Vehumet [***...]
Gold:   820        SH:  0    Dex: 15    Spells: 28/43 levels left

rFire    . . .     SeeInvis .   L - +5 short sword (freeze)
rCold    . . .     Gourm    .   (no shield)
rNeg     + . .     Faith    .   c - +0 robe
rPois    .         Spirit   .   f - +0 helmet
rElec    .         Reflect  .   w - +0 cloak
rCorr    +         Harm     .   g - +1 pair of gloves
MR       +....                  l - +0 pair of boots
Stlth    ++........             (no amulet)
HPRegen  0.18/turn              u - ring of positive energy
MPRegen  0.23/turn              M - ring of resist corrosion

@: no status effects
A: no striking features
a: Renounce Religion


You were on level 11 of the Dungeon.
You worshipped Vehumet.
Vehumet was most pleased with you.
You were not hungry.

You visited 2 branches of the dungeon, and saw 12 of its levels.
You also visited: Ossuary.

You collected 820 gold pieces.

Inventory:

Hand Weapons
 e - a +2 dagger of holy wrath
 r - a +4 quarterstaff of chaos
 F - a +6 vorpal mace
 L - a +5 short sword of freezing (weapon)
Missiles
 b - 176 stones (quivered)
Armour
 c - a +0 robe (worn)
 f - a +0 helmet (worn)
 g - a +1 pair of gloves (worn)
 l - a +0 pair of boots (worn)
 w - a +0 cloak (worn)
 J - +0 swamp dragon scales
Jewellery
 u - a ring of positive energy (left hand)
 H - a cursed amulet of inaccuracy {unknown}
 K - an uncursed amulet of guardian spirit {unknown}
 M - a ring of resist corrosion (right hand)
Wands
 o - a wand of acid (12)
 x - a wand of clouds (10)
 A - a wand of flame (26)
 C - a wand of disintegration (12)
Scrolls
 i - a scroll of immolation
 s - 3 scrolls of magic mapping
 y - 6 scrolls of teleportation
 z - a scroll of enchant weapon
 D - 4 scrolls of remove curse
 E - a scroll of enchant armour
 I - 3 scrolls of amnesia
 N - 2 scrolls of fear
Potions
 a - a potion of ambrosia
 h - 4 potions of curing
 j - a potion of heal wounds
 m - a potion of might {unknown}
 n - 2 potions of resistance {unknown}
 p - a potion of flight {unknown}
 q - 2 potions of brilliance {unknown}
 t - 2 potions of cancellation {unknown}
 v - a potion of berserk rage {unknown}
 B - a potion of stabbing {unknown}
 G - 5 potions of mutation
 O - a potion of haste {unknown}
Comestibles
 d - 23 rations
 k - 10 chunks of flesh


   Skills:
 - Level 2.4 Dodging
 - Level 2.4 Stealth
 + Level 16.5 Spellcasting
 + Level 6.7 Conjurations
 + Level 1.1 Transmutations
 + Level 13.8 Earth Magic


You had 28 spell levels left.
You knew the following spells:

 Your Spells              Type           Power        Failure   Level  Hunger
a - Sandblast             Erth           ######       0%          1    None
b - Passwall              Tmut/Erth      ######..     1%          2    None
c - Stone Arrow           Conj/Erth      ######       1%          3    None
d - Petrify               Tmut/Erth      ######..     1%          4    None
e - Lee's Rapid Deconstr  Erth           ######....   1%          5    #......

Your spell library contained the following spells:

 Spells                   Type           Power        Failure   Level  Hunger
 Mephitic Cloud           Conj/Pois/Air  ####....     1%          3    None
 Beastly Appendage        Tmut           ####..       1%          1    None
 Freeze                   Ice            ###.         1%          1    None
 Hailstorm                Conj/Ice       #####...     1%          4    None
 Sticks to Snakes         Tmut           ####....     2%          2    None
 Frozen Ramparts          Ice            ###...       2%          3    None
 Spider Form              Tmut/Pois      ###.......   6%          3    None
 Confusing Touch          Hex            ###.....     9%          3    None
 Gell's Gravitas          Tloc           ###.......   9%          3    None
 Ozocubu's Armour         Chrm/Ice       ###.....     9%          3    None
 Yara's Violent Unravell  Hex/Tmut       ###.......   16%         5    #......
 Ice Form                 Ice/Tmut       ###.....     22%         4    None
 Summon Ice Beast         Ice/Summ       ###.....     26%         4    None
 Blade Hands              Tmut           ####......   43%         5    #......
 Metabolic Englaciation   Hex/Ice        ###.......   58%         5    #......


Dungeon Overview and Level Annotations

Branches:
Dungeon (11/15)            Temple (1/1) D:5            Lair (0/6) D:9
Ossuary (visited)
    Orc: D:9-12

Altars:
Ashenzari
Cheibriados
Dithmenos
Elyvilon
Fedhas
Gozag
Hepliaklqana
Kikubaaqudgha
Makhleb
Nemelex Xobeh
Okawaru
Qazlal
Ru
Sif Muna
Trog
Uskayaw
Vehumet
Wu Jian
Xom
Yredelemnul
Zin
The Shining One


Message History

The centaur warrior is heavily wounded.
Something hits you.
The centaur warrior wields a +0 shortbow.
The centaur warrior shoots an arrow.
The arrow hits you!
Unknown command.
Unknown command.
Casting: Lee's Rapid Deconstruction (safe; 1% risk of failure)
Confirm with . or Enter, or press ? or * to list all spells.
Aiming: Lee's Rapid Deconstruction (safe; 1% risk of failure)
Press: ? - help, Dir - move target cursor A rock wall.
The wall shatters!
Vehumet accepts your kill.
You feel your power returning.
You feel a bit more experienced.
The blast of rock fragments hits the centaur warrior.
The centaur warrior is severely wounded.
You hear a shout!
Something hits you but does no damage.
The centaur warrior shoots an arrow.
The arrow hits you!!
You die...

..........................†......
.................................
...........#.#.##.###########....
###..)............# #....
#.#..#(..#.#.#..######### ####+
#.#..#.......#..##......#
#...............##......####
#####...<.....................
#......#)#######@###......## #
................<(('.......# #
######.#.#######.###......## ###
######'#(##....#.# #......# #..
#..............#)# #......#####.#
............!..c.# #.............
...(.....c.....### #####.........
.._.........(..# #.........
...............# #.........


You could see a centaur warrior.

Vanquished Creatures
  3 unseen horrors
  6 ugly things
  Maurice (D:8)
  Psyche (D:10)
  A gargoyle (D:6)
  A spiny frog (shapeshifter) (D:10)
  Maggie (D:6)
  A troll (D:11)
  2 hippogriffs
  A shadow (D:9)
  15 yaks
  3 hogs (D:7)
  A human (D:7)
  2 basilisks
  An acid dragon (D:11)
  2 porcupines (D:9)
  Duvessa (D:6)
  2 orc warriors
  3 ice beasts
  4 sky beasts
  A phantom (D:5)
  5 ogres
  8 centaurs
  3 crocodiles (D:9)
  8 bullfrogs
  Dowan (D:6)
  6 scorpions
  5 wights (D:8)
  A howler monkey (D:6)
  6 crimson imps
  A centaur zombie (D:11)
  2 jellies
  Crazy Yiuf (D:4)
  9 orc priests
  2 bullfrog skeletons
  A centaur skeleton (D:9)
  A gnoll shaman (D:5)
  4 hounds
  4 iguanas
  An iron imp (D:7)
  8 worker ants
  7 orc wizards
  A big kobold zombie (Ossuary)
  8 mummies (Ossuary)
  A howler monkey zombie (D:6)
  2 howler monkey skeletons
  19 gnolls
  17 adders
  4 shadow imps
  2 oozes
  2 adder skeletons
  3 worms
  A dart slug (D:3)
  6 leopard geckos
  41 orcs
  11 bats
  6 giant cockroaches
  2 gnoll zombies (Ossuary)
  9 goblins
  8 hobgoblins
  17 jackals
  4 kobolds
  3 quokkas
  A ball python (D:5)
  3 frilled lizards
  A hobgoblin zombie (Ossuary)
  A jackal skeleton (D:4)
  A jackal zombie (D:6)
  4 kobold zombies (Ossuary)
  2 leopard gecko skeletons
  A quokka skeleton (D:10)
  10 rats
328 creatures vanquished.

Vanquished Creatures (others)
  6 plants (D:9)
6 creatures vanquished.

Grand Total: 334 creatures vanquished

Notes
Turn   | Place    | Note
-------+----------+-------------------------------------------
     0 | D:1      | protoss039 the Deep Elf Earth Elementalist began the quest
                  | for the Orb.
     0 | D:1      | Reached XP level 1. HP: 10/10 MP: 6/6
   521 | D:1      | Reached XP level 2. HP: 9/15 MP: 8/8
  1444 | D:1      | Learned a level 2 spell: Passwall
  1578 | D:2      | Reached XP level 3. HP: 19/19 MP: 10/10
  1718 | D:2      | Reached skill level 4 in Spellcasting
  1870 | D:2      | Found a sacrificial altar of Ru.
  2080 | D:2      | Reached XP level 4. HP: 19/24 MP: 10/12
  2458 | D:2      | Learned a level 3 spell: Stone Arrow
  2476 | D:3      | Reached skill level 5 in Earth Magic
  2649 | D:3      | Reached skill level 5 in Spellcasting
  2649 | D:3      | Reached XP level 5. HP: 15/28 MP: 9/14
  4312 | D:4      | Reached skill level 6 in Spellcasting
  4312 | D:4      | Reached XP level 6. HP: 32/32 MP: 1/17
  4484 | D:4      | Reached skill level 7 in Spellcasting
  4484 | D:4      | Reached XP level 7. HP: 36/36 MP: 10/19
  4534 | D:4      | Found a sparkling altar of Nemelex Xobeh.
  4633 | D:4      | Found a sand-covered staircase.
  4649 | Ossuary  | Entered an ossuary
  5045 | D:4      | Learned a level 4 spell: Petrify
  5051 | D:4      | Learned a level 5 spell: Lee's Rapid Deconstruction
  5414 | D:4      | Found a runed translucent door.
  5415 | D:4      | Noticed Crazy Yiuf
  5499 | D:4      | Killed Crazy Yiuf
  5578 | D:5      | Entered Level 5 of the Dungeon
  5584 | D:5      | Reached skill level 8 in Spellcasting
  5648 | D:5      | Reached skill level 1 in Conjurations
  6216 | D:5      | Reached XP level 8. HP: 34/41 MP: 4/22
  6330 | D:5      | Found a transporter.
  6351 | D:5      | Found a transporter.
  6363 | D:5      | Reached skill level 9 in Spellcasting
  6758 | D:5      | Found an ancient bone altar of Kikubaaqudgha.
  6848 | D:5      | Found a staircase to the Ecumenical Temple.
  6873 | Temple   | Entered the Ecumenical Temple
  8111 | D:6      | Noticed Duvessa
  8113 | D:6      | Reached skill level 10 in Spellcasting
  8114 | D:6      | Noticed Dowan
  8126 | D:6      | Killed Duvessa
  8127 | D:6      | Killed Dowan
  8217 | D:6      | Noticed a gargoyle
  8219 | D:6      | Killed a gargoyle
  8219 | D:6      | Reached XP level 9. HP: 45/45 MP: 14/25
  8226 | D:6      | Reached skill level 11 in Spellcasting
  8900 | D:6      | Found a radiant altar of Vehumet.
  8901 | D:6      | Found a glowing golden altar of the Shining One.
  8903 | D:6      | Found a shadowy altar of Dithmenos.
  8903 | D:6      | Found a white marble altar of Elyvilon.
  8905 | D:6      | Found a hazy altar of Hepliaklqana.
  8906 | D:6      | Found a glowing silver altar of Zin.
  8908 | D:6      | Became a worshipper of Vehumet
  8961 | D:6      | Noticed Maggie
  8969 | D:6      | Killed Maggie
  8969 | D:6      | Reached skill level 10 in Earth Magic
  9663 | D:7      | Reached skill level 12 in Spellcasting
 10372 | D:7      | Found a snail-covered altar of Cheibriados.
 10375 | D:7      | Reached skill level 5 in Conjurations
 10375 | D:7      | Reached XP level 10. HP: 50/50 MP: 21/28
 10618 | D:8      | Noticed Maurice
 10630 | D:8      | Killed Maurice
 10788 | D:8      | Reached skill level 13 in Spellcasting
 11481 | D:8      | Found an ornate altar of the Wu Jian Council.
 11585 | D:9      | Reached * piety under Vehumet
 11585 | D:9      | Offered knowledge of Magic Dart by Vehumet.
 11788 | D:9      | Found a staircase to the Lair.
 11825 | D:9      | Reached skill level 14 in Spellcasting
 12816 | D:10     | Entered Level 10 of the Dungeon
 12828 | D:10     | Killed an unseen horror
 12964 | D:10     | Noticed Psyche
 12967 | D:10     | Killed Psyche
 12967 | D:10     | Reached XP level 11. HP: 54/54 MP: 20/31
 13034 | D:10     | Offered knowledge of Foxfire by Vehumet.
 13156 | D:10     | Reached ** piety under Vehumet
 13215 | D:10     | Reached skill level 15 in Spellcasting
 13594 | D:10     | Found a shadowy altar of Dithmenos.
 13771 | D:11     | Noticed a two-headed ogre
 13771 | D:11     | Noticed a cyan ugly thing
 13782 | D:10     | Killed a cyan ugly thing
 14192 | D:10     | Noticed a shock serpent
 14285 | D:10     | Offered knowledge of Conjure Flame by Vehumet.
 14488 | D:11     | Killed an unseen horror
 14560 | D:11     | Found a shimmering blue altar of Sif Muna.
 14611 | D:11     | Noticed a cyan ugly thing
 14611 | D:11     | Noticed a green ugly thing
 14614 | D:11     | Killed a cyan ugly thing
 14614 | D:11     | Killed a green ugly thing
 14670 | D:11     | Killed an unseen horror
 14755 | D:11     | Reached skill level 16 in Spellcasting
 14945 | D:11     | Reached *** piety under Vehumet
 14996 | D:11     | Noticed a purple ugly thing
 14996 | D:11     | Noticed a purple ugly thing
 15004 | D:11     | Killed a purple ugly thing
 15005 | D:11     | Noticed a red ugly thing
 15024 | D:11     | Killed a purple ugly thing
 15024 | D:11     | Offered knowledge of Mephitic Cloud by Vehumet.
 15027 | D:11     | Killed a red ugly thing
 15195 | D:11     | Noticed a centaur warrior
 15201 | D:11     | Shot with an arrow by a centaur warrior

Illustrated notes

Levels and vault maps discovered:
D:1:      minmay_arrival_cross, layout_basic, serial_forest,
          infiniplex_forest_corner_2, infiniplex_forest_clump_cross,
          infiniplex_forest_clump_diagonal, infiniplex_forest_lined_ring,
          infiniplex_forest_3_way, infiniplex_forest_clump_long,
          infiniplex_forest_straight_1
D:2:      layout_loops_cross, lemuel_crystal_altar, kennysheep_generic_room_7
D:3:      layout_loops_corners, kennysheep_potato
D:4:      layout_loops_ring, kennysheep_mini, nicolae_ossuary_entry_plus,
          uniq_crazy_yiuf_cottage
D:5:      gammafunk_wand_slinger, layout_basic, kiku_gazebo_pond_becter,
          minmay_temple_entry_slanted, first_ration
D:6:      layout_basic, grunt_temple_overflow_open, kb_rosetta, uniq_duvessa,
          uniq_maggie
D:7:      layout_layer_cave, slow_altar_2, grunt_livestock
D:8:      layout_rooms, marbit_many_paths, uniq_maurice
D:9:      layout_basic, minmay_lair_entry_grove
D:10:     layout_gridville, grunt_dithmenos_smoke, uniq_psyche
D:11:     layout_basic, basic_altar
Temple:   minmay_temple_curvy_loop

Skill      XL: |  1  2  3  4  5  6  7  8  9 10 11 |
---------------+----------------------------------+-----
Earth Magic    | 4 5 6 7 9 10 12 13 | 13.8
Spellcasting   | 4 5 6 7 8 10 12 14 16 | 16.5
Conjurations   | 1 3 5 6 |  6.7
Dodging        | |  2.4
Stealth        | |  2.4
Transmutations | |  1.1

Action                   |  1- 3 |  4- 6 |  7- 9 | 10-12 || total
-------------------------+-------+-------+-------+-------++-------
Melee: Dagger            |    86 |    63 |    92 |       ||   241
       Unarmed           |     3 |       |       |       ||     3
       Short sword       |       |       |       |    32 ||    32
 Cast: Sandblast         |    22 |    56 |    56 |    48 ||   182
       Stone Arrow       |       |     4 |    87 |    94 ||   185
       Lee's Rapid Decon |       |       |    12 |    47 ||    59
  Use: Scroll            |       |     3 |     8 |     6 ||    17
       Potion            |       |       |       |     3 ||     3
 Stab: Sleeping          |     8 |     6 |     2 |       ||    16
  Eat: Chunk             |     4 |     7 |    13 |    13 ||    37
       Ration            |       |       |     2 |     1 ||     3
Armor: Robe              |    22 |    13 |    35 |    27 ||    97
Dodge: Dodged            |    70 |    41 |    58 |    47 ||   216
